General information
- name: BNet
- type: Ladder team game (AT/RT)
- host: Battle.net
- saver: MsY]DOGANDHORSE
map: Friends
- players: 8
- length: 20:52
- speed: Fast
- version: 1.24 W3XP
- replay type:

» download(210 KB)
Players
team 1 (winner)

»
kunt.roII (
yellow | 120 APM | 2500 actions | 20:50)
4 Death Knight
2 Death Coil
2 Unholy Aura
3 Lich
2 Frost Nova
1 Frost Armor
» actions
| Assign group hotkey | 63 | |
| Basic commands | 45 | |
| Build / train | 67 | |
| ESC pressed | 1 | |
| Enter build submenu | 21 | |
| Enter hero's abilities submenu | 7 | |
| Give item / drop item | 4 | |
| Right click | 1211 | |
| Select / deselect | 255 | |
| Select group hotkey | 733 | |
| Use ability | 93 | |
2500 total
» units
| Acolyte | 9 | |
| Ghoul | 10 | |
| Frost Wyrm | 1 | |
| Obsidian Statue | 1 | |
| Goblin Zeppelin | 2 | |
23 total
» upgrades
| Creature Attack | 2 | |
| Creature Carapace | 2 | |
4 total
» buildings
| Crypt | 1 | |
| Altar of Darkness | 2 | |
| Ziggurat | 11 | |
| Tomb of Relics | 1 | |
| Nerubian Tower | 6 | |
| Graveyard | 1 | |
| Spirit Tower | 4 | |
| Halls of the Dead | 1 | |
| Black Citadel | 1 | |
| Slaughterhouse | 1 | |
| Sacrificial Pit | 1 | |
| Boneyard | 3 | |
33 total
» build order
00:15 Crypt
00:20 Altar of Darkness
00:29 Ziggurat
01:04 Tomb of Relics
01:27 Nerubian Tower
01:46 Ziggurat
02:22 Graveyard
02:56 Nerubian Tower
04:42 Ziggurat
04:49 Ziggurat
05:22 Ziggurat
05:53 Spirit Tower
05:55 Nerubian Tower
05:55 Nerubian Tower
06:35 Halls of the Dead
07:07 Ziggurat
08:03 Spirit Tower
08:52 Ziggurat
08:56 Ziggurat
09:25 Ziggurat
10:17 Black Citadel
11:13 Slaughterhouse
11:16 Sacrificial Pit
11:53 Ziggurat
11:54 Altar of Darkness
13:06 Boneyard
13:07 Boneyard
14:15 Boneyard
14:19 Nerubian Tower
14:20 Spirit Tower
15:09 Spirit Tower
18:37 Ziggurat
» items
| Rod of Necromancy | 3 | |
| Dust of Appearance | 1 | |
| Lesser Clarity Potion | 7 | |
| Healing Salve | 2 | |
| Sacrificial Skull | 1 | |
| Scroll of Speed | 3 | |
| Orb of Corruption | 1 | |
| Potion of Healing | 1 | |
19 total
Mata. (
blue | 110 APM | 2299 actions | 20:50)
5 Dark Ranger
1 Black Arrow
3 Silence
1 Life Drain
» actions
| Assign group hotkey | 227 | |
| Basic commands | 5 | |
| Build / train | 166 | |
| Enter build submenu | 79 | |
| Enter hero's abilities submenu | 5 | |
| Give item / drop item | 4 | |
| Remove unit from queue | 2 | |
| Right click | 1109 | |
| Select / deselect | 512 | |
| Select group hotkey | 32 | |
| Use ability | 158 | |
2299 total
» units
» upgrades
| Masonry | 3 | |
| Lumber Harvesting | 2 | |
5 total
» buildings
| Altar of Kings | 2 | |
| Farm | 4 | |
| Scout Tower | 90 | |
| Lumber Mill | 2 | |
| Arcane Tower | 5 | |
| Guard Tower | 79 | |
| Keep | 1 | |
| Town Hall | 1 | |
| Castle | 4 | |
188 total
» build order
00:03 Altar of Kings
00:05 Altar of Kings
00:17 Farm
00:55 Scout Tower
01:01 Lumber Mill
01:19 Scout Tower
01:23 Arcane Tower
01:23 Arcane Tower
02:00 Farm
02:28 Guard Tower
02:28 Guard Tower
02:31 Farm
02:51 Scout Tower
02:52 Scout Tower
02:58 Scout Tower
02:59 Scout Tower
03:00 Scout Tower
03:00 Scout Tower
03:23 Scout Tower
03:25 Arcane Tower
03:26 Guard Tower
03:26 Guard Tower
03:32 Scout Tower
03:33 Scout Tower
03:33 Scout Tower
04:28 Guard Tower
04:29 Scout Tower
04:30 Scout Tower
04:31 Scout Tower
04:31 Scout Tower
04:35 Guard Tower
04:35 Guard Tower
04:36 Guard Tower
04:39 Guard Tower
04:55 Scout Tower
04:58 Scout Tower
04:58 Scout Tower
04:59 Scout Tower
05:00 Guard Tower
05:06 Guard Tower
05:08 Scout Tower
05:09 Scout Tower
05:10 Scout Tower
05:26 Guard Tower
05:26 Guard Tower
05:38 Guard Tower
05:38 Guard Tower
05:44 Guard Tower
05:53 Guard Tower
05:53 Guard Tower
06:59 Scout Tower
07:02 Scout Tower
07:02 Scout Tower
07:06 Scout Tower
07:31 Keep
07:33 Guard Tower
07:33 Guard Tower
07:35 Scout Tower
07:36 Scout Tower
07:37 Scout Tower
07:38 Scout Tower
07:38 Scout Tower
07:39 Guard Tower
07:39 Guard Tower
08:00 Guard Tower
08:06 Scout Tower
08:06 Scout Tower
08:08 Scout Tower
08:08 Scout Tower
08:09 Scout Tower
08:35 Guard Tower
08:35 Guard Tower
08:37 Scout Tower
08:53 Scout Tower
08:54 Scout Tower
09:06 Guard Tower
09:06 Guard Tower
09:12 Scout Tower
09:13 Scout Tower
09:18 Guard Tower
09:18 Guard Tower
09:19 Guard Tower
09:33 Guard Tower
09:33 Guard Tower
09:33 Guard Tower
09:41 Guard Tower
11:01 Town Hall
11:05 Guard Tower
11:05 Guard Tower
11:19 Scout Tower
11:20 Scout Tower
12:51 Guard Tower
13:08 Scout Tower
13:09 Scout Tower
13:10 Scout Tower
13:11 Scout Tower
13:11 Scout Tower
13:15 Castle
13:15 Castle
14:23 Guard Tower
14:24 Scout Tower
14:25 Scout Tower
14:26 Scout Tower
14:27 Scout Tower
14:28 Scout Tower
14:28 Scout Tower
14:28 Scout Tower
14:29 Scout Tower
14:29 Scout Tower
14:39 Scout Tower
14:40 Scout Tower
14:40 Scout Tower
14:41 Scout Tower
14:42 Scout Tower
14:42 Scout Tower
15:10 Scout Tower
15:10 Scout Tower
15:11 Scout Tower
15:11 Scout Tower
15:12 Scout Tower
15:13 Scout Tower
15:30 Guard Tower
15:30 Guard Tower
15:31 Guard Tower
15:44 Guard Tower
15:44 Guard Tower
16:20 Guard Tower
16:20 Guard Tower
16:58 Guard Tower
17:39 Guard Tower
17:39 Guard Tower
17:42 Scout Tower
17:43 Scout Tower
17:43 Scout Tower
17:45 Guard Tower
17:46 Guard Tower
17:52 Scout Tower
17:55 Scout Tower
17:56 Scout Tower
17:56 Scout Tower
17:57 Scout Tower
17:58 Scout Tower
18:06 Farm
18:10 Lumber Mill
18:18 Guard Tower
18:19 Scout Tower
18:20 Scout Tower
18:39 Guard Tower
18:39 Guard Tower
18:41 Scout Tower
18:42 Scout Tower
18:42 Scout Tower
18:43 Scout Tower
19:02 Guard Tower
19:02 Guard Tower
19:55 Guard Tower
19:55 Guard Tower
20:03 Scout Tower
20:04 Scout Tower
20:05 Scout Tower
20:06 Scout Tower
20:07 Scout Tower
» items
| Healing Salve | 3 | |
| Boots of Quel'Thalas +6 | 1 | |
| Sobi Mask | 2 | |
| Book of the Dead | 2 | |
| Lesser Clarity Potion | 2 | |
| Scroll of Town Portal | 3 | |
| Alleria's Flute of Accuracy | 1 | |
| Mana Stone | 1 | |
15 total
MsY]DOGANDHORSE (
pink | 125 APM | 2609 actions | 20:52)
4 Blademaster
2 Wind Walk
2 Critical Strike
» actions
| Assign group hotkey | 5 | |
| Build / train | 70 | |
| Enter build submenu | 54 | |
| Enter hero's abilities submenu | 4 | |
| Give item / drop item | 1 | |
| Remove unit from queue | 2 | |
| Right click | 1963 | |
| Select / deselect | 314 | |
| Select group hotkey | 13 | |
| Use ability | 183 | |
2609 total
» units
| Peon | 20 | |
| Goblin Zeppelin | 1 | |
| Goblin Shredder | 5 | |
| Troll Batrider | 14 | |
40 total
» upgrades
» buildings
| Altar of Storms | 1 | |
| Orc Burrow | 5 | |
| War Mill | 1 | |
| Voodoo Lounge | 4 | |
| Watch Tower | 39 | |
| Stronghold | 1 | |
| Beastiary | 3 | |
| Fortress | 2 | |
| Great Hall | 1 | |
57 total
» build order
00:13 Altar of Storms
00:21 Orc Burrow
00:35 War Mill
01:34 Voodoo Lounge
01:38 Voodoo Lounge
02:22 Watch Tower
02:28 Watch Tower
03:12 Watch Tower
03:41 Watch Tower
03:46 Stronghold
04:01 Orc Burrow
04:24 Watch Tower
04:25 Watch Tower
04:27 Watch Tower
04:30 Watch Tower
04:51 Voodoo Lounge
04:53 Voodoo Lounge
05:00 Watch Tower
06:09 Watch Tower
06:26 Watch Tower
06:29 Watch Tower
06:30 Watch Tower
06:55 Beastiary
08:02 Watch Tower
08:05 Watch Tower
08:36 Orc Burrow
08:40 Watch Tower
08:46 Watch Tower
09:06 Orc Burrow
09:16 Watch Tower
09:36 Watch Tower
09:36 Watch Tower
09:37 Watch Tower
09:39 Watch Tower
09:40 Watch Tower
09:40 Watch Tower
10:35 Watch Tower
10:36 Watch Tower
11:00 Watch Tower
11:32 Watch Tower
11:40 Watch Tower
12:35 Watch Tower
12:38 Watch Tower
12:38 Watch Tower
12:40 Fortress
14:02 Watch Tower
14:03 Watch Tower
14:43 Great Hall
15:11 Watch Tower
17:44 Beastiary
18:27 Beastiary
18:30 Orc Burrow
18:32 Watch Tower
18:33 Watch Tower
19:33 Watch Tower
19:34 Watch Tower
» items
| Healing Salve | 4 | |
| Lesser Clarity Potion | 12 | |
| Orb of Lightning | 1 | |
| Potion of Mana | 1 | |
18 total
TIMG4STRok (
orange | 84 APM | 1754 actions | 20:50)
6 Archmage
3 Blizzard
2 Brilliance Aura
1 Mass Teleport
» actions
| Assign group hotkey | 5 | |
| Basic commands | 12 | |
| Build / train | 87 | |
| ESC pressed | 3 | |
| Enter build submenu | 88 | |
| Enter hero's abilities submenu | 6 | |
| Give item / drop item | 2 | |
| Right click | 884 | |
| Select / deselect | 242 | |
| Select group hotkey | 192 | |
| Use ability | 233 | |
1754 total
» units
» upgrades
| Masonry | 3 | |
| Magic Sentry | 1 | |
| Lumber Harvesting | 1 | |
5 total
» buildings
| Altar of Kings | 1 | |
| Farm | 3 | |
| Lumber Mill | 3 | |
| Scout Tower | 126 | |
| Arcane Tower | 4 | |
| Guard Tower | 33 | |
| Arcane Vault | 1 | |
| Keep | 1 | |
| Town Hall | 1 | |
| Arcane Sanctum | 1 | |
| Castle | 1 | |
175 total
» build order
00:05 Altar of Kings
00:15 Farm
00:38 Lumber Mill
00:51 Scout Tower
01:21 Arcane Tower
01:36 Scout Tower
02:04 Arcane Tower
02:16 Scout Tower
02:24 Farm
02:26 Farm
02:29 Scout Tower
03:05 Guard Tower
03:10 Scout Tower
03:22 Scout Tower
03:23 Scout Tower
03:23 Scout Tower
03:24 Scout Tower
03:51 Guard Tower
03:52 Guard Tower
03:53 Arcane Tower
03:57 Scout Tower
03:58 Scout Tower
03:58 Scout Tower
04:31 Guard Tower
04:51 Guard Tower
04:58 Arcane Vault
05:02 Scout Tower
05:04 Scout Tower
05:50 Guard Tower
05:54 Guard Tower
05:56 Scout Tower
05:56 Scout Tower
05:57 Scout Tower
06:00 Scout Tower
06:01 Scout Tower
06:05 Scout Tower
06:06 Scout Tower
06:26 Scout Tower
06:27 Scout Tower
06:30 Scout Tower
06:31 Scout Tower
06:41 Guard Tower
06:54 Guard Tower
06:56 Guard Tower
07:20 Guard Tower
07:50 Guard Tower
07:52 Scout Tower
07:53 Scout Tower
07:55 Scout Tower
07:56 Scout Tower
07:57 Scout Tower
07:57 Scout Tower
08:43 Scout Tower
08:44 Scout Tower
08:51 Scout Tower
08:52 Scout Tower
08:57 Keep
09:35 Scout Tower
09:35 Scout Tower
09:36 Scout Tower
09:40 Guard Tower
11:12 Town Hall
11:18 Scout Tower
11:19 Scout Tower
11:20 Scout Tower
11:20 Scout Tower
11:21 Scout Tower
11:22 Scout Tower
11:23 Scout Tower
11:23 Scout Tower
11:43 Arcane Sanctum
11:53 Castle
11:55 Guard Tower
11:59 Scout Tower
11:59 Scout Tower
12:00 Scout Tower
12:02 Scout Tower
12:03 Scout Tower
12:47 Scout Tower
12:48 Scout Tower
12:49 Scout Tower
12:49 Scout Tower
12:50 Scout Tower
12:50 Scout Tower
12:57 Guard Tower
13:36 Guard Tower
13:39 Guard Tower
13:43 Scout Tower
13:44 Scout Tower
13:45 Scout Tower
13:46 Scout Tower
13:54 Guard Tower
14:17 Scout Tower
14:17 Scout Tower
14:19 Scout Tower
14:20 Scout Tower
14:26 Guard Tower
14:29 Scout Tower
14:29 Scout Tower
14:31 Scout Tower
14:31 Scout Tower
14:33 Scout Tower
14:36 Scout Tower
14:37 Scout Tower
14:46 Scout Tower
14:46 Scout Tower
14:53 Scout Tower
15:01 Guard Tower
15:07 Scout Tower
15:07 Scout Tower
15:08 Scout Tower
15:08 Scout Tower
15:09 Scout Tower
15:09 Scout Tower
15:10 Scout Tower
15:11 Scout Tower
15:22 Guard Tower
15:33 Guard Tower
15:37 Lumber Mill
15:41 Scout Tower
15:43 Guard Tower
15:47 Scout Tower
15:50 Scout Tower
15:57 Guard Tower
16:00 Scout Tower
16:00 Scout Tower
16:28 Scout Tower
16:28 Scout Tower
16:29 Scout Tower
16:30 Scout Tower
16:32 Guard Tower
16:55 Guard Tower
17:40 Scout Tower
17:40 Scout Tower
17:41 Scout Tower
17:41 Scout Tower
17:42 Scout Tower
17:42 Scout Tower
17:44 Scout Tower
17:46 Scout Tower
17:47 Scout Tower
17:48 Scout Tower
17:48 Scout Tower
17:52 Guard Tower
17:54 Scout Tower
17:55 Scout Tower
17:55 Scout Tower
18:25 Guard Tower
18:32 Guard Tower
18:45 Guard Tower
19:14 Guard Tower
19:15 Guard Tower
19:17 Scout Tower
19:17 Scout Tower
19:19 Scout Tower
19:20 Scout Tower
19:20 Scout Tower
19:21 Scout Tower
19:22 Scout Tower
19:23 Scout Tower
19:37 Lumber Mill
19:43 Guard Tower
19:48 Scout Tower
19:48 Scout Tower
19:50 Scout Tower
19:52 Scout Tower
19:56 Scout Tower
19:58 Scout Tower
20:00 Scout Tower
20:01 Scout Tower
20:02 Scout Tower
20:03 Scout Tower
20:04 Scout Tower
20:05 Scout Tower
» items
| Boots of Quel'Thalas +6 | 1 | |
| Healing Salve | 1 | |
| Potion of Healing | 3 | |
| Inferno Stone | 2 | |
| Orb of Lightning | 1 | |
8 total
team 2 (loser)
Adovid (
teal | 86 APM | 1785 actions | 20:44)
4 Tauren Chieftain
2 War Stomp
2 Endurance Aura
» actions
| Assign group hotkey | 26 | |
| Basic commands | 94 | |
| Build / train | 64 | |
| Enter build submenu | 33 | |
| Enter hero's abilities submenu | 4 | |
| Give item / drop item | 1 | |
| Remove unit from queue | 1 | |
| Right click | 1091 | |
| Select / deselect | 360 | |
| Select group hotkey | 21 | |
| Use ability | 90 | |
1785 total
» units
| Peon | 16 | |
| Grunt | 4 | |
| Troll Headhunter/Berserker | 7 | |
| Demolisher | 6 | |
| Kodo Beast | 2 | |
| Troll Witch Doctor | 2 | |
| Wind Rider | 7 | |
44 total
» upgrades
| Ranged Weapons | 1 | |
| Armor | 1 | |
| Burning Oil | 1 | |
| Berserker Upgrade | 1 | |
| War Drums Damage Increase | 1 | |
| Reinforced Defenses | 1 | |
6 total
» buildings
| Altar of Storms | 1 | |
| Orc Burrow | 4 | |
| Barracks | 3 | |
| Voodoo Lounge | 2 | |
| War Mill | 1 | |
| Watch Tower | 13 | |
| Stronghold | 1 | |
| Beastiary | 2 | |
| Spirit Lodge | 2 | |
| Fortress | 1 | |
30 total
» build order
00:12 Altar of Storms
00:19 Orc Burrow
00:42 Barracks
01:43 Voodoo Lounge
01:51 War Mill
02:34 Orc Burrow
03:47 Orc Burrow
03:54 Watch Tower
04:15 Stronghold
05:18 Orc Burrow
06:32 Watch Tower
06:37 Beastiary
07:14 Spirit Lodge
08:11 Fortress
10:20 Watch Tower
10:24 Watch Tower
10:26 Watch Tower
10:28 Watch Tower
11:13 Barracks
11:59 Barracks
12:01 Watch Tower
12:02 Watch Tower
12:04 Watch Tower
13:35 Spirit Lodge
15:12 Voodoo Lounge
17:24 Beastiary
18:30 Watch Tower
18:31 Watch Tower
18:33 Watch Tower
18:37 Watch Tower
» items
| Alleria's Flute of Accuracy | 1 | |
| Healing Salve | 2 | |
| Lesser Clarity Potion | 1 | |
| Scroll of Town Portal | 1 | |
5 total
BudSmokin.Ninja (
red | 42 APM | 865 actions | 20:46)
2 Death Knight
1 Death Coil
1 Unholy Aura
» actions
| Build / train | 40 | |
| Enter build submenu | 19 | |
| Enter hero's abilities submenu | 2 | |
| Give item / drop item | 1 | |
| Right click | 500 | |
| Select / deselect | 250 | |
| Use ability | 53 | |
865 total
» units
| Acolyte | 4 | |
| Ghoul | 2 | |
| Crypt Fiend | 6 | |
| Frost Wyrm | 7 | |
19 total
» upgrades
| Creature Attack | 2 | |
| Web | 1 | |
| Freezing Breath | 1 | |
| Creature Carapace | 3 | |
| Witch Doctor Training | 1 | |
8 total
» buildings
| Altar of Darkness | 1 | |
| Ziggurat | 8 | |
| Crypt | 1 | |
| Graveyard | 1 | |
| Tomb of Relics | 1 | |
| Nerubian Tower | 1 | |
| Spirit Tower | 1 | |
| Halls of the Dead | 1 | |
| Black Citadel | 1 | |
| Sacrificial Pit | 1 | |
| Boneyard | 3 | |
| Spirit Lodge | 1 | |
21 total
» build order
00:34 Altar of Darkness
00:40 Ziggurat
00:48 Crypt
01:02 Graveyard
01:15 Tomb of Relics
01:38 Ziggurat
02:21 Ziggurat
04:06 Nerubian Tower
04:18 Spirit Tower
06:05 Halls of the Dead
06:42 Ziggurat
08:08 Ziggurat
09:18 Black Citadel
09:22 Sacrificial Pit
09:35 Ziggurat
11:13 Ziggurat
12:42 Boneyard
12:47 Boneyard
12:49 Boneyard
13:00 Ziggurat
17:51 Spirit Lodge
» items
| Dust of Appearance | 2 | |
| Rod of Necromancy | 2 | |
| Healing Salve | 1 | |
| Lesser Clarity Potion | 1 | |
6 total
Rabid_ZomblE (
green | 70 APM | 1452 actions | 20:49)
5 Far Seer
3 Feral Spirit
2 Chain Lighting
3 Shadow Hunter
2 Healing Wave
1 Hex
1 Pandaren Brewmaster
1 Breath of Fire
» actions
| Assign group hotkey | 24 | |
| Basic commands | 13 | |
| Build / train | 49 | |
| ESC pressed | 1 | |
| Enter build submenu | 23 | |
| Enter hero's abilities submenu | 9 | |
| Give item / drop item | 1 | |
| Right click | 588 | |
| Select / deselect | 522 | |
| Select group hotkey | 139 | |
| Use ability | 82 | |
1452 total
» units
| Peon | 13 | |
| Wind Rider | 7 | |
| Goblin Zeppelin | 1 | |
| Demolisher | 3 | |
| Goblin Shredder | 1 | |
25 total
» upgrades
| Ranged Weapons | 2 | |
| Armor | 1 | |
| Envenomed Spears | 1 | |
| Burning Oil | 1 | |
| Witch Doctor Training | 2 | |
| Shaman Training | 1 | |
| Reinforced Defenses | 1 | |
9 total
» buildings
| Altar of Storms | 1 | |
| Orc Burrow | 6 | |
| War Mill | 1 | |
| Stronghold | 1 | |
| Voodoo Lounge | 1 | |
| Watch Tower | 2 | |
| Beastiary | 2 | |
| Fortress | 2 | |
| Barracks | 2 | |
| Great Hall | 2 | |
| Spirit Lodge | 2 | |
22 total
» build order
00:03 Altar of Storms
00:04 Orc Burrow
00:48 War Mill
01:23 Orc Burrow
01:55 Orc Burrow
02:37 Stronghold
02:49 Voodoo Lounge
03:15 Watch Tower
03:20 Orc Burrow
03:53 Watch Tower
05:09 Beastiary
05:10 Beastiary
06:02 Fortress
06:02 Fortress
07:59 Orc Burrow
09:42 Barracks
09:43 Barracks
11:57 Great Hall
12:54 Great Hall
12:59 Orc Burrow
17:02 Spirit Lodge
17:03 Spirit Lodge
thebigblob2 (
purple | 34 APM | 548 actions | 16:05)
3 Blademaster
2 Wind Walk
1 Critical Strike
» actions
| Build / train | 49 | |
| Enter build submenu | 11 | |
| Enter hero's abilities submenu | 3 | |
| Remove unit from queue | 1 | |
| Right click | 256 | |
| Select / deselect | 193 | |
| Use ability | 34 | |
548 total
» units
| Peon | 9 | |
| Troll Headhunter/Berserker | 13 | |
| Demolisher | 5 | |
27 total
» upgrades
| Ranged Weapons | 2 | |
| Armor | 3 | |
| Spiked Barricades | 1 | |
| Troll Regeneration | 1 | |
| Berserker Upgrade | 1 | |
| Burning Oil | 1 | |
9 total
» buildings
| Altar of Storms | 1 | |
| Orc Burrow | 5 | |
| Barracks | 1 | |
| War Mill | 1 | |
| Voodoo Lounge | 1 | |
| Watch Tower | 1 | |
| Stronghold | 1 | |
| Fortress | 1 | |
12 total
» build order
00:06 Altar of Storms
00:10 Orc Burrow
01:09 Barracks
01:35 Orc Burrow
02:02 War Mill
02:18 Voodoo Lounge
02:34 Orc Burrow
03:49 Watch Tower
04:57 Orc Burrow
05:33 Stronghold
06:50 Orc Burrow
09:11 Fortress
» items
| Potion of Healing | 2 | |
| Potion of Mana | 1 | |
| Orb of Lightning | 1 | |
| Healing Salve | 1 | |
| Lesser Clarity Potion | 1 | |
6 total
Chat log
(01:45 / Allies) TIMG4STRok: can you speak up
(01:47 / Allies) TIMG4STRok: get closer to mic
(01:51 / Allies) TIMG4STRok: i got you at 800%
(01:52 / Allies) TIMG4STRok: and i cant hear you
(08:55 / All) MsY]DOGANDHORSE: well,
(15:09 / All) Rabid_ZomblE: D:
(16:13 / All) Mata.: gg i guess :(
(16:27 / All) MsY]DOGANDHORSE: GOODSTOMP
(18:00 / Allies) TIMG4STRok: LUM
(19:40 / All) kunt.roII: leave